 Dungeon Sprint DCSS version 0.30.0-18-gc0e69614cb (webtiles) character file.

Game seed: 4372723488449030562

618 gelatine the Cleaver (level 7, -1/57 HPs)
             Began as a Demonspawn Gladiator on May 24, 2023.
             Was an Initiate of Jiyva.
             Slain by a hellwing (8 damage)
             ... summoned by a kobold demonologist
             ... in the Dungeon (Sprint I: "Red Sonja").
             The game lasted 00:05:03 (191 turns).

gelatine the Cleaver (Demonspawn Gladiator)          Turns: 191, Time: 00:05:03

Health: -1/57      AC: 14    Str: 17    XL:     7   Next: 21%
Magic:  7/7        EV: 15    Int:  9    God:    Jiyva [......]
Gold:   125        SH:  4    Dex: 14    Spells: 6/6 levels left

rFire   . . .        m - +3 scythe (protect)
rCold   . . .        (shield currently unavailable)
rNeg    . . .        b - +0 leather armour
rPois   +            (helmet restricted)
rElec   .            (no cloak)
rCorr   .            (no gloves)
SInv    .            (no boots)
Will    .....        (no amulet)
Stlth   ++           d - ring of poison resistance
HPRegen 0.29/turn    (no ring)
MPRegen 0.10/turn

%: no teleportation
@: mighty, under a protective aura, very slow
A: horns 1, icemail 1, powered by pain 2, condensation shield
a: Renounce Religion


You were in the Dungeon.
You worshipped Jiyva.
Jiyva was noncommittal.
You visited 1 branch You collected 405 gold pieces.
You spent 280 gold pieces at shops.

Inventory:

Hand Weapons
 a - a +0 war axe
 m - a +3 scythe of protection (weapon)
Missiles
 e - a javelin (quivered)
Armour
 b - a +0 leather armour (worn)
Jewellery
 d - a ring of poison resistance (left hand)
Wands
 l - a wand of quicksilver (4)
Scrolls
 k - a scroll of blinking
Potions
 f - 2 potions of curing
 h - a potion of haste
 i - 2 potions of magic
 j - a potion of berserk rage


   Skills:
 * Level 5.6 Fighting
 * Level 8.8(9.0) Axes
 + Level 2.6(6.2) Polearms
 * Level 4.9 Throwing
 * Level 3.6 Armour
 * Level 7.7 Dodging
 * Level 4.2 Stealth


You had 6 spell levels left.
You didn't know any spells.
Your spell library was empty.

Dungeon Overview and Level Annotations

Branches:
Dungeon (1/1)

Altars:
Cheibriados
Dithmenos
Fedhas
Gozag
Hepliaklqana
Kikubaaqudgha
Makhleb
Nemelex Xobeh
Okawaru
Qazlal
Ru
Sif Muna
Trog
Uskayaw
Vehumet
Wu Jian
Xom
Yredelemnul
Jiyva
Lugonu

Shops:
D *


Innate Abilities, Weirdness & Mutations

You have a pair of small horns on your head.
A meltable icy envelope protects you from harm. (AC +4)
You sometimes gain power by taking damage.
A meltable shield of frost defends you. (SH +4)


Message History

You feel much better. You block the hellwing's attack.
The hellwing hits you but does no damage.
You hear a distant slurping noise. x2
The kobold demonologist looks satisfied for a moment.
You hear a distant slurping noise.
The demonic crawler hits you.
The demonic crawler hits you but does no damage.
The demonic crawler closely misses you.
You hit the kobold demonologist.
The kobold demonologist is heavily wounded.
The demonic crawler hits you.
The demonic crawler hits you but does no damage.
The demonic crawler closely misses you.
The hellwing hits you but does no damage.
You block the hellwing's attack.
The kobold demonologist mumbles some strange words.
The kobold demonologist closely misses you.
The demonic crawler barely misses you.
The demonic crawler hits you but does no damage.
The demonic crawler hits you!
You focus on the pain.
You feel very mighty all of a sudden.
It was a potion of might.
You feel mightier all of a sudden. The hellwing completely misses you.
You block the hellwing's attack.
You hear a distant slurping noise.
You hear a squelching noise.
You hear a distant slurping noise.
The kobold demonologist misses you. The demonic crawler barely misses you.
The demonic crawler misses you. The demonic crawler hits you!
* * * LOW HITPOINT WARNING * * *
You completely miss the kobold demonologist.
Your headbutt misses the kobold demonologist.
The kobold demonologist is heavily wounded.
The hellwing completely misses you.
The hellwing hits you but does no damage.
The kobold demonologist misses you.
The demonic crawler hits you but does no damage.
The demonic crawler barely misses you. The demonic crawler hits you!
* * * LOW HITPOINT WARNING * * *
The hellwing hits you!
You die...

#####################
.').#..'..#__#.4@KKs#
.#..'[.#..'..'..#ss5#
###'#####'#__####s55...#
##..#...#.#### ####..+
_####..##(# ##
____##'#_.+ .∩..†'..._#
..__##_.#+# ____###+#


You could see 4 demonic crawlers, a hellwing (summoned), 2 kobold demonologists,
2 iron imps and a quasit (summoned).

Vanquished Creatures
  Sigmund (D)
  A slime creature (D)
  A yak (D)
  An ogre (D)
  A jelly (D)
  Ijyb (D)
6 creatures vanquished.

Vanquished Creatures (others)
  2 floating eyes (D)
  7 necrophages (D)
  6 jellies (D)
15 creatures vanquished.

Grand Total: 21 creatures vanquished

Notes
Turn   | Place    | Note
-------+----------+-------------------------------------------
     0 | D        | gelatine the Demonspawn Gladiator began the quest for the
                  | Orb.
     0 | D        | Reached XP level 1. HP: 16/16 MP: 1/1
     2 | D        | Noticed Ijyb
     7 | D        | Killed Ijyb
     8 | D        | Reached skill level 4 in Axes
     8 | D        | Gained mutation: You have a pair of small horns on your
                  | head. [demonic ancestry]
     8 | D        | Reached XP level 2. HP: 21/23 MP: 2/2
    11 | D        | Noticed an ogre
    17 | D        | Killed an ogre
    18 | D        | Reached skill level 6 in Axes
    18 | D        | Reached skill level 5 in Dodging
    18 | D        | Gained mutation: A meltable shield of frost defends you.
                  | (SH +4) [demonic ancestry]
    18 | D        | Reached XP level 3. HP: 29/29 MP: 3/3
    18 | D        | Gained mutation: A meltable icy envelope protects you from
                  | harm. (AC +4) [demonic ancestry]
    18 | D        | Reached XP level 4. HP: 35/35 MP: 4/4
    24 | D        | Noticed Sigmund
    33 | D        | Killed Sigmund
    34 | D        | Reached skill level 7 in Axes
    34 | D        | Gained mutation: You sometimes gain a little power by
                  | taking damage. [demonic ancestry]
    34 | D        | Reached XP level 5. HP: 43/43 MP: 5/5
    34 | D        | Gained mutation: You sometimes gain power by taking damage.
                  | [demonic ancestry]
    34 | D        | Reached XP level 6. HP: 49/49 MP: 6/6
    61 | D        | Found an ornate altar of the Wu Jian Council.
    61 | D        | Found a shimmering blue altar of Sif Muna.
    74 | D        | Found a radiant altar of Vehumet.
    98 | D        | Found Dekoedy's General Store.
    98 | D        | Found an ancient bone altar of Kikubaaqudgha.
    98 | D        | Found a hazy altar of Hepliaklqana.
    98 | D        | Found a stormy altar of Qazlal.
    98 | D        | Found a hide-covered altar of Uskayaw.
    98 | D        | Found a blossoming altar of Fedhas.
    98 | D        | Found a bloodstained altar of Trog.
    98 | D        | Found an iron altar of Okawaru.
    98 | D        | Found a basalt altar of Yredelemnul.
    98 | D        | Found a snail-covered altar of Cheibriados.
    98 | D        | Found a sacrificial altar of Ru.
    98 | D        | Found a shadowy altar of Dithmenos.
    98 | D        | Noticed a yak
   100 | D        | Found an opulent altar of Gozag.
   109 | D        | Killed a yak
   110 | D        | Reached skill level 5 in Fighting
   110 | D        | Reached skill level 8 in Axes
   110 | D        | Reached skill level 1 in Polearms
   110 | D        | Found a sparkling altar of Nemelex Xobeh.
   119 | D        | Bought a ring of poison resistance for 280 gold pieces
   146 | D        | Became a worshipper of Cheibriados the Contemplative
   158 | D        | Found a viscous altar of Jiyva.
   158 | D        | Found a corrupted altar of Lugonu.
   158 | D        | Noticed a slime creature
   159 | D        | Found a burning altar of Makhleb.
   159 | D        | Found a shimmering altar of Xom.
   164 | D        | Killed a slime creature
   165 | D        | Reached XP level 7. HP: 26/57 MP: 7/7
   166 | D        | Fell from the grace of Cheibriados
   166 | D        | Became a worshipper of Jiyva Juiducvi the Shapeless
   179 | D        | Noticed a kobold demonologist
   179 | D        | Noticed a demonic crawler
   179 | D        | Noticed a demonic crawler
   179 | D        | Noticed a demonic crawler
   179 | D        | Noticed a demonic crawler
   179 | D        | Noticed a kobold demonologist
   184 | D        | Noticed a hellwing
   191 | D        | Slain by a hellwing

Illustrated notes

Levels and vault maps discovered:
D:        dungeon_sprint_1 [red_sonja_temple_1, red_sonja_temple_small_1]

Skill      XL: |  1  2  3  4  5  6 |
---------------+-------------------+-----
Axes           | 4 6 7 8 |  8.8
Throwing       | 2 3 4 |  4.9
Dodging        | 4 5 6 7 |  7.7
Fighting       | 3 4 5 |  5.6
Armour         | 2 3 |  3.6
Stealth        | 2 4 |  4.2
Polearms       | 2 |  2.6

Action                     |  1- 3 |  4- 6 |  7- 9 || total
---------------------------+-------+-------+-------++-------
  Melee: War axe           |     9 |     7 |       ||    16
         Punch             |     1 |       |       ||     1
         Headbutt          |     3 |     7 |     3 ||    13
         Halberd           |       |    17 |     8 ||    25
  Throw: Throwing net      |     1 |     2 |       ||     3
         Javelin           |       |     1 |       ||     1
    Use: Potion            |       |       |     2 ||     2
   Stab: Held in net/web   |     1 |       |       ||     1
 Armour: Leather armour    |       |     5 |    16 ||    21
  Dodge: Dodged            |     4 |     6 |    25 ||    35
  Block: Other             |       |     2 |     9 ||    11
